 Dungeon Crawl Stone Soup version 0.23.0 (webtiles) character file.

Game seed: 10585991461884473621

134 TheGoonsmith the Shield-Bearer (level 5, -8/42 HPs)
             Began as a Formicid Fighter on Feb 25, 2019.
             Mangled by an orc warrior
             ... wielding a +0 long sword
              (10 damage)
             ... on level 3 of the Dungeon.
             The game lasted 00:03:09 (2141 turns).

TheGoonsmith the Shield-Bearer (Formicid Fighter)   Turns: 2141, Time: 00:03:10

Health: -8/42      AC: 14    Str: 26    XL:     5   Next: 40%
Magic:  5/5        EV: 10    Int: 15    God:
Gold:   134        SH: 10    Dex: 15    Spells: 4/4 levels left

rFire    . . .     SeeInvis +   a - +0 war axe
rCold    . . .     Gourm    .   c - +0 shield
rNeg     . . .     Faith    .   o - +0 plate armour
rPois    .         Spirit   .   (helmet unavailable)
rElec    .         Reflect  .   (no cloak)
rCorr    .         Harm     .   s - +1 pair of gloves
MR       .....                  (no boots)
Stlth    ..........             (no amulet)
HPRegen  0.14/turn              (no ring)
MPRegen  0.09/turn              (no ring)

@: mighty, brilliant, agile
A: permanent stasis, dig shafts and tunnels, four strong arms, antennae 3,
clever 1, MP-powered wands
a: Dig, Shaft Self


You were on level 3 of the Dungeon.
You were not hungry.

You visited 1 branch of the dungeon, and saw 3 of its levels.

You collected 134 gold pieces.

Inventory:

Hand Weapons
 a - a +0 war axe (weapon)
Armour
 b - a +0 scale mail
 c - a +0 shield (worn)
 o - a +0 plate armour (worn)
 s - a +1 pair of gloves (worn)
Wands
 r - a wand of iceblast (6)
Scrolls
 e - a scroll of fog {unknown}
 g - a scroll of noise {unknown}
 h - 2 scrolls of remove curse {unknown}
 i - a scroll of blinking {unknown}
 l - a scroll of random uselessness {unknown}
 m - a scroll of identify {unknown}
 p - a scroll of teleportation {unknown}
Comestibles
 f - 2 rations
 q - 2 chunks of flesh


   Skills:
 + Level 4.0 Fighting
 * Level 3.6 Axes
 + Level 4.0 Armour
 + Level 4.4 Shields


You had 4 spell levels left.
You didn't know any spells.
Your spell library was empty.

Dungeon Overview and Level Annotations

Branches:
Dungeon (3/15)

Altars:


Innate Abilities, Weirdness & Mutations

You cannot be hasted, slowed, berserked, paralysed or teleported.
You can dig through walls and to a lower floor.
Your four strong arms can wield two-handed weapons with a shield.
You have a pair of large antennae on your head. (SInv)
Your mind is acute. (Int +2)
You expend magic power (3 MP) to strengthen your wands.


Message History

You slash the orc warrior!
The orc warrior is moderately wounded.
The orc warrior hits you but does no damage.
You barely miss the orc warrior.
The orc warrior is moderately wounded.
You block the orc warrior's attack.
You hit the orc warrior but do no damage.
The orc warrior is moderately wounded.
You block the orc warrior's attack.
Your plate armour prevents you from hitting the orc warrior.
The orc warrior is moderately wounded.
The orc warrior hits you with a +0 long sword.
* * * LOW HITPOINT WARNING * * *
Your plate armour prevents you from hitting the orc warrior.
The orc warrior is moderately wounded.
The orc warrior hits you but does no damage.
You slash the orc warrior!
The orc warrior is heavily wounded.
The orc warrior hits you with a +0 long sword!
You die...

...#.#..#
#.#.#
#P....#.#
...#.#..#
#.#
#...♣.#.#
...#.#..# #
#.# #.♣..##
# ...#.#..#
#.#.# ...###
#..#..
#.#.#.###.##
#..##.
#....(....#
#..#
#.#.#.#####
#... #.#o#
.### # #@#
.# #[# #..
.... #.###
###


You could see an orc warrior.

Vanquished Creatures
  An orc wizard (D:3)
  4 adders
  An ooze (D:2)
  4 worms (D:2)
  A dart slug (D:2)
  2 leopard geckos
  An orc (D:3)
  A ball python (D:2)
  2 bats
  6 giant cockroaches
  7 goblins
  5 hobgoblins
  5 kobolds
  A quokka (D:2)
  2 frilled lizards
  6 rats
49 creatures vanquished.

Notes
Turn   | Place    | Note
-------+----------+-------------------------------------------
     0 | D:1      | TheGoonsmith the Formicid Fighter began the quest for the
                  | Orb.
     0 | D:1      | Reached XP level 1. HP: 18/18 MP: 1/1
   243 | D:1      | Reached XP level 2. HP: 21/24 MP: 2/2
   777 | D:2      | Reached XP level 3. HP: 29/29 MP: 3/3
   901 | D:2      | Reached XP level 4. HP: 25/37 MP: 4/4
  1786 | D:3      | Reached XP level 5. HP: 34/42 MP: 5/5
  2112 | D:3      | Noticed an orc warrior
  2126 | D:3      | HP: 2/42 [orc warrior/+0 long sword (10)]
  2129 | D:3      | Gained mutation: Your mind is acute. (Int +2) [potion of
                  | mutation]
  2129 | D:3      | Gained mutation: You expend magic power (3 MP) to
                  | strengthen your wands. [potion of mutation]
  2139 | D:3      | HP: 2/42 [orc warrior/+0 long sword (3)]
  2141 | D:3      | Mangled by an orc warrior

Skill      XL: |  1  2  3  4  5 |
---------------+----------------+-----
Shields        | 4 |  4.4
Axes           | 3 |  3.6
Fighting       | 4 |  4.0
Armour         | 4 |  4.0

Action                   |  1- 3 |  4- 6 || total
-------------------------+-------+-------++-------
Melee: War axe           |    98 |   120 ||   218
  Use: Potion            |       |     5 ||     5
  Eat: Chunk             |       |     4 ||     4
Armor: Scale mail        |    34 |    28 ||    62
       Plate armour      |       |    20 ||    20
Dodge: Dodged            |    34 |    36 ||    70
Block: Shield            |    55 |    75 ||   130
